 Dungeon Crawl Stone Soup version 0.30-a0-373-gd37427bb62 (webtiles) character file.

Game seed: 15516416700152925292

18 qeuew the Trooper (level 2, 24/24 HPs)
             Began as a Demonspawn Monk on Nov 24, 2022.
             Quit the game on level 1 of the Dungeon.
             The game lasted 00:01:17 (776 turns).

qeuew the Trooper (Demonspawn Monk)                  Turns: 776, Time: 00:01:17

Health: 24/24      AC:  3    Str: 11    XL:     2   Next: 51%
Magic:  2/2        EV: 13    Int: 11    God:
Gold:   71         SH:  0    Dex: 15    Spells: 1/1 levels left

rFire   . . .      SeeInvis .    a - +0 hand axe
rCold   . . .      Faith    .    (no shield)
rNeg    . . .      Spirit   .    b - +0 robe
rPois   .          Reflect  .    (no helmet)
rElec   .          Harm     .    (no cloak)
rCorr   .          Rampage  .    d - +0 pair of gloves
Will    .....                    (no boots)
Stlth   ++........               (no amulet)
HPRegen 0.24/turn                (no ring)
MPRegen 0.08/turn                (no ring)

@: very slow
A: demonic magic 1
a: no special abilities


You were on level 1 of the Dungeon.
You visited 1 branch of the dungeon, and saw 1 of its levels.

You collected 71 gold pieces.

Inventory:

Hand Weapons
 a - a +0 hand axe (weapon)
Armour
 b - a +0 robe (worn)
 d - a +0 pair of gloves (worn)
Scrolls
 l - a scroll of enchant armour {unknown}
Potions
 c - a potion of ambrosia
 e - a potion of degeneration {unknown}
 g - 2 potions of brilliance {unknown}
 i - a potion of might {unknown}
 j - a potion of curing {unknown}
 k - a potion of magic {unknown}


   Skills:
 + Level 3.2 Fighting
 + Level 2.9 Axes
 + Level 0.6 Armour
 + Level 2.9 Dodging
 - Level 1.8 Stealth


You had one spell level left.
You didn't know any spells.
Your spell library was empty.

Dungeon Overview and Level Annotations

Branches:
Dungeon (1/15)

Altars:
Cheibriados


Innate Abilities, Weirdness & Mutations

Spells you cast may paralyse adjacent enemies.


Message History

No target in view!
No target in view!
No target in view!
No target in view!
No target in view!
No target in view!
No target in view!
No target in view!
No target in view!
A nearby demonic plant withers and dies.
There is a snail-covered altar of Cheibriados here.
You see here a hobgoblin corpse.
You see here a +1 mace of protection.
There is a snail-covered altar of Cheibriados here.
l - a scroll labelled XOGAIL BEETTI You see here a rat corpse.
You see here a rat corpse.
There is a snail-covered altar of Cheibriados here.
Partly explored, can't reach some items and places.
No target in view!
No target in view!
No target in view!
No target in view!
No target in view!
No target in view!
No target in view!
No target in view!
Partly explored, can't reach some items and places.
Partly explored, can't reach some items and places.
No target in view!
Partly explored, can't reach some items and places.
No target in view!
Partly explored, can't reach some items and places.
As you read the scroll labelled DEEBOCKOODO, it crumbles to dust.
The scroll dissolves into smoke.
It was a scroll of fog.
As you read the scroll labelled VYILAPRAUC, it crumbles to dust.
You hear a loud clanging noise!
It was a scroll of noise.
Okay, then.
Are you sure you want to abandon this character and quit the game? (Confirm with "yes".)

###..#####.# #.# #...#
.#.....#...# #.# #.>.#
.....#.#.### #.# #...#
....##...#
#####.###...#
....###..#
##...........# ....#
#..# ##......####..#
....#
#..#####.......## #..#
.#..#
#.......§§§§....###..#
###.#
#>#####.§§@§.........#
.#..# #.###
#.§§§§....###### ....#
#...# ##.§§§...##
..#####...## ##.....##
### #.##..#####...##
#.#..........##
#.#...########
#######...##
......##..#


There were no monsters in sight!

Vanquished Creatures
  A dart slug (D:1)
  4 endoplasms (D:1)
  3 hobgoblins (D:1)
  2 ball pythons (D:1)
  A bat (D:1)
  2 kobolds (D:1)
  3 rats (D:1)
16 creatures vanquished.

Vanquished Creatures (others)
  3 demonic plants (D:1)
  A plant (D:1)
  A withered plant (D:1)
5 creatures vanquished.

Grand Total: 21 creatures vanquished

Notes
Turn   | Place    | Note
-------+----------+-------------------------------------------
     0 | D:1      | qeuew the Demonspawn Monk began the quest for the Orb.
     0 | D:1      | Reached XP level 1. HP: 18/18 MP: 1/1
   311 | D:1      | Gained mutation: Spells you cast may paralyse adjacent
                  | enemies. [demonic ancestry]
   311 | D:1      | Reached XP level 2. HP: 14/24 MP: 2/2
   631 | D:1      | Found a faded altar of an unknown god.
   646 | D:1      | Prayed at the altar of an unknown god.
   646 | D:1      | Became a worshipper of Cheibriados the Contemplative
   646 | D:1      | Reached * piety under Cheibriados
   646 | D:1      | Reached ** piety under Cheibriados
   647 | D:1      | Fell from the grace of Cheibriados
   776 | D:1      | Quit the game

Illustrated notes

Levels and vault maps discovered:
D:1:      minmay_arrival_five_plusses, layout_loops_ring,
          shapermc_ecumenical_altar_gd

Action                   || total
-------------------------++-------
Melee: Hand axe          ||    46
       Punch             ||     1
Invok: Renounce Religion ||     1
  Use: Scroll            ||     2
 Stab: Sleeping          ||     5
Armor: Robe              ||     6
Dodge: Dodged            ||    18

Table legend: (Time is in decaauts)
 A = Elapsed time spent in this place.
 B = Non-inter-level travel time spent in this place.
 C = Inter-level travel time spent in this place.
 D = Time resting spent in this place.
 E = Time spent auto-exploring this place.
 F = Levels seen in this place.
 G = Mean time per level.
                   A        B        C        D        E       F      G
               +--------+--------+--------+--------+--------+-----+--------+
         Total |    847 |    838 |      9 |      0 |    717 |   1 |  847.0 |
       Dungeon |    847 |    838 |      9 |      0 |    717 |   1 |  847.0 |
               +--------+--------+--------+--------+--------+-----+--------+

Top non-repeatable levels by time:
     D:1: 847 daAuts
